 Dungeon Crawl Stone Soup version 0.19.0-22-gd96e5fe (webtiles) character file.

87 dobroeutro the Sneak (level 4, 0/22 HPs)
             Began as a Spriggan Assassin on Nov 18, 2016.
             Was an Initiate of Dithmenos.
             Slain by a gnoll
             ... wielding a +0 spear
              (7 damage)
             ... on level 3 of the Dungeon.
             The game lasted 00:02:14 (1934 turns).

dobroeutro the Sneak (Spriggan Assassin)            Turns: 1934, Time: 00:02:16

Health: 0/22       AC:  3    Str:  7    XL:     4   Next: 28%
Magic:  5/5        EV: 19    Int: 12    God:    Dithmenos [......]
Gold:   63         SH:  0    Dex: 18    Spells: 0 memorised, 3 levels left

rFire  . . .     SeeInvis +     a - +2 dagger
rCold  . . .     Gourm    .     c - +0 robe
rNeg   . . .     Faith    .     (shield restricted)
rPois  .         Spirit   .     (helmet restricted)
rElec  .         Reflect  .     d - +0 cloak
rCorr  .         Harm     .     (gloves unavailable)
MR     .....                    (boots unavailable)
Stlth  ++++......               (no amulet)
                                (no ring)
                                (no ring)

@: very quick
A: unfitting armour, see invisible, herbivore 3, speed 3, slow metabolism 2
a: Renounce Religion


You were on level 3 of the Dungeon.
You worshipped Dithmenos.
Dithmenos was noncommittal.
You were not hungry.

You visited 1 branch of the dungeon, and saw 3 of its levels.

You collected 63 gold pieces.

Inventory:

Hand Weapons
 a - a +2 dagger (weapon)
 b - a +0 blowgun
Missiles
 e - 22 poisoned needles
 f - 2 curare-tipped needles
Armour
 c - a +0 robe (worn)
 d - a +0 cloak (worn)
Scrolls
 i - 3 scrolls of remove curse {unknown}
 k - a scroll of enchant armour {unknown}
 m - 3 scrolls of identify {unknown}
 n - 3 scrolls of blinking {unknown}
 o - 2 scrolls of magic mapping {unknown}
 q - 2 scrolls of teleportation {unknown}
 r - a scroll of enchant weapon {unknown}
Potions
 h - a potion of flight {unknown}
 j - 4 potions of heal wounds {unknown}
 l - 4 potions of curing {unknown}
 p - a potion of lignification {unknown}
 s - a potion of brilliance {unknown}
 t - 2 potions of haste {unknown}
 u - a potion of degeneration {unknown}
Comestibles
 g - a bread ration
 v - 3 fruits


   Skills:
 - Level 1.5 Fighting
 * Level 3.6 Short Blades
 - Level 2.0 Throwing
 + Level 3.4 Dodging
 * Level 6.8 Stealth


You had 3 spell levels left.
You didn't know any spells.

Dungeon Overview and Level Annotations

Branches:
Dungeon (3/15)

Altars:
Dithmenos
Trog


Innate Abilities, Weirdness & Mutations

You are very small and have problems with some larger weapons.
You are too small for most types of armour.
You have supernaturally acute eyesight. (SInv)
You are a herbivore.
You cover ground extremely quickly.
You need consume almost no food.


Message History

Found a stone staircase leading down.
You start resting.
The jackal barely misses you.
The jackal barks!
You hit the jackal.
The jackal is lightly wounded.
The jackal closely misses you.
The gnoll hits you from afar with a spear.
You closely miss the jackal.
The jackal is lightly wounded.
The jackal closely misses you.
You hit the jackal but do no damage.
The jackal is lightly wounded.
The jackal misses you.
The gnoll hits you from afar with a spear!
You hit the jackal.
The jackal is almost dead.
The jackal barely misses you.
The gnoll hits you from afar with a spear!
You die...

.........#.#....
##.....g.g.#####
#.....g......... . ##
#..$...)........ .. #.
#............... #. #.
#............... #..##.
#...............
#....######[......%#.....
##....@hh........#.....
#....#..g............(.
>......####.....w......
.. ######. ##......w ..
....... <.. ....... ....
#...... ..... #....!
......


You could see a gnoll, a dart slug and 2 jackals.

Vanquished Creatures
  A gnoll (D:3)
  4 adders
  3 dart slugs
  3 leopard geckos (D:2)
  3 giant cockroaches
  3 goblins
  4 hobgoblins (D:1)
  6 bats
  2 frilled lizards
  3 kobolds
  A rat (D:2)
33 creatures vanquished.

Notes
Turn   | Place    | Note
-------+----------+-------------------------------------------
     0 | D:1      | dobroeutro the Spriggan Assassin began the quest for the Orb.
     0 | D:1      | Reached XP level 1. HP: 10/10 MP: 2/2
    93 | D:1      | Reached skill level 6 in Stealth
   172 | D:1      | Reached XP level 2. HP: 13/14 MP: 3/3
  1009 | D:2      | Reached XP level 3. HP: 13/18 MP: 4/4
  1075 | D:2      | Found a shadowy altar of Dithmenos.
  1140 | D:2      | Became a worshipper of Dithmenos the Shadowed
  1691 | D:2      | Found a bloodstained altar of Trog.
  1824 | D:2      | Reached XP level 4. HP: 22/22 MP: 5/5
  1934 | D:3      | Slain by a gnoll

Skill      XL: |  1  2  3 |
---------------+----------+-----
Stealth        | 6 |  6.8
Dodging        | 2 3 |  3.4
Short Blades   | 3 |  3.6
Fighting       | |  1.5
Throwing       | |  2.0

Action                   |  1- 3 |  4- 6 || total
-------------------------+-------+-------++-------
Melee: Dagger            |    92 |    11 ||   103
 Stab: Sleeping          |    11 |     1 ||    12
       Distracted        |     1 |       ||     1
Armor: Robe              |    16 |       ||    16
Dodge: Dodged            |    70 |     9 ||    79
